 Dungeon Crawl Stone Soup version 0.32-a0-630-g46d191b0ed (webtiles) character file.

Game seed: 4240266752983225536

125 cforsyth the Grave Robber (level 4, 0/38 HPs)
             Began as a Mountain Dwarf Necromancer on Mar 6, 2024.
             Slain by a sleepcap (19 damage)
             ... on level 3 of the Dungeon.
             The game lasted 00:05:38 (2692 turns).

cforsyth the Grave Robber (MDNe)                    Turns: 2692, Time: 00:05:39

Health: 0/38       AC:  2    Str: 13    XL:     4   Next: 82%
Magic:  3/6        EV:  2    Int: 15    God:
Gold:   128        SH:  0    Dex: 10    Spells: 5/6 levels left

rFire   . . .        n - +0 hand axe
rCold   . . .        (no shield)
rNeg    . . .        a - +0 robe
rPois   .            (no helmet)
rElec   .            (no cloak)
rCorr   .            (no gloves)
SInv    .            (no boots)
Will    .....        (no amulet)
Stlth   ++           (no ring)
HPRegen 0.26/turn    (no ring)
MPRegen 0.10/turn

%: no passive effects
@: sleeping
A: runic magic, artefact enchanting
a: no special abilities


You were on level 3 of the Dungeon.
You visited 1 branch of the dungeon, and saw 3 of its levels.

You collected 128 gold pieces.


Innate Abilities, Weirdness & Mutations

Your spellcasting is much less encumbered by armour.
You can use scrolls of enchantment on lesser artefacts.


   Skills:
 + Level 3.3 Fighting
 - Level 1.3 Dodging
 - Level 1.4 Stealth
 - Level 1.7 Spellcasting
 + Level 5.7 Necromancy


You had 5 spell levels left.
You knew the following spells:

 Your Spells              Type           Power      Damage    Failure   Level
X - Necrotise             Necr           72%        1d7       2%          1

Your spell library contained the following spells:

 Spells                   Type           Power      Damage    Failure   Level
 Vampiric Draining        Necr           18%        2d7       6%          3
 Animate Dead             Necr           18%        N/A       22%         4
 Ensorcelled Hibernation  Hex/Ice        2%         N/A       34%         2
 Curse of Agony           Necr           18%        N/A       52%         5
 Hailstorm                Conj/Ice       1%         3d5       56%         3
 Passwall                 Erth           1%         N/A       56%         3
 Summon Ice Beast         Ice/Summ       1%         N/A       56%         3
 Swiftness                Air            1%         N/A       56%         3
 Sculpt Simulacrum        Ice/Alch       0%         N/A       100%        6

Inventory:

Hand Weapons
 n - a +0 hand axe (weapon)
Missiles
 l - 2 throwing nets {=f}
Armour
 a - a +0 robe (worn)
 o - a +0 helmet
Scrolls
 c - a scroll of vulnerability {unknown}
 f - 3 scrolls of revelation {unknown}
 g - 5 scrolls of identify {unknown}
 i - a scroll of fog {unknown}
 j - a scroll of immolation {unknown}
 k - a scroll of enchant armour {unknown}
Potions
 b - 2 potions of magic
 d - a potion of lignification {unknown}
 e - a potion of experience {unknown}
 h - 3 potions of curing {unknown}
 m - a potion of haste {unknown}

Dungeon Overview and Level Annotations

Branches:
Dungeon (3/15)

Altars:

.......#.#..####(#
#....<........
#<..(#.........
#..........#$## #
#.#.#>....#
#.#.#.#.### #
#.#=#.# #.#.#f#
#.#.#@# #.### #.
#.


You could see a sleepcap.


Message History

You kill the endoplasm!
You can't see any susceptible monsters within range! (Use Z to cast anyway.)
You can't see any susceptible monsters within range! (Use Z to cast anyway.)
You can't see any susceptible monsters within range! (Use Z to cast anyway.)
You start resting.
A sleepcap is nearby!
You can't see any susceptible monsters within range! (Use Z to cast anyway.)
You can't see any susceptible monsters within range! (Use Z to cast anyway.)
You can't see any susceptible monsters within range! (Use Z to cast anyway.)
You can't see any susceptible monsters within range! (Use Z to cast anyway.)
You can't see any susceptible monsters within range! (Use Z to cast anyway.)
You can't see any susceptible monsters within range! (Use Z to cast anyway.)
You can't see any susceptible monsters within range! (Use Z to cast anyway.)
You start resting.
Magic restored.
You can't see any susceptible monsters within range! (Use Z to cast anyway.)
Found 6 stones.
The sleepcap attacks as it pursues you! The sleepcap releases spores at you.
The sleepcap attacks as it pursues you!
The sleepcap releases spores at you but does no damage.
The sleepcap attacks as it pursues you! The sleepcap releases spores at you.
There is a stone staircase leading up here.
The sleepcap writhes in agony.
The sleepcap closely misses you.
The sleepcap writhes in agony.
The sleepcap releases spores at you!
The sleepcap writhes in agony.
The sleepcap releases spores at you!
* * * LOW HITPOINT WARNING * * *
You are engulfed in a cloud of soporific spores!
You fall asleep.
The sleepcap releases spores at you!!
Ouch! That really hurt!
You die...

Skill      XL: |  1  2  3  4 |
---------------+-------------+-----
Fighting       | 1 2 3 |  3.3
Necromancy     | 5 |  5.7
Dodging        | |  1.3
Stealth        | |  1.4
Spellcasting   | |  1.7

Action                     |  1- 3 |  4- 6 || total
---------------------------+-------+-------++-------
  Melee: Unarmed           |    33 |     1 ||    34
   Cast: Necrotise         |    61 |    39 ||   100
 Armour: Robe              |    24 |    21 ||    45
  Dodge: Dodged            |    33 |    10 ||    43

Levels and vault maps discovered:
D:1:      amcnicky_arrival_blooded_trapdoor, layout_loops_ring,
          ebering_ecumenical_altar_ruins, hangedman_abyss_or_decor_stabs,
          dk_noncrumbling_4
D:2:      layout_rooms, uniq_robin
D:3:      layout_basic, kennysheep_generic_room_10

Notes
Turn   | Place    | Note
-------+----------+-------------------------------------------
     0 | D:1      | cforsyth the Mountain Dwarf Necromancer began the quest for
                  | the Orb.
     0 | D:1      | Reached XP level 1. HP: 14/14 MP: 3/3
   279 | D:1      | Reached skill level 1 in Fighting
   468 | D:1      | Reached XP level 2. HP: 23/23 MP: 2/4
   645 | D:1      | Found a faded altar of an unknown god.
  1094 | D:2      | Reached skill level 2 in Fighting
  1094 | D:2      | Reached skill level 5 in Necromancy
  1094 | D:2      | Reached XP level 3. HP: 27/29 MP: 0/5
  1171 | D:2      | Noticed Robin
  1612 | D:2      | Reached XP level 4. HP: 17/37 MP: 0/6
  1631 | D:2      | Reached skill level 3 in Fighting
  2313 | D:2      | Killed Robin
  2692 | D:3      | Slain by a sleepcap

Vanquished Creatures
  Robin (D:2)
  3 gnolls (D:2)
  3 adders (D:2)
  2 endoplasms
  A giant cockroach (D:1)
  15 goblins
  A hobgoblin (D:2)
  6 quokkas
  4 ball pythons
  4 bats
  3 frilled lizards
  5 kobolds
  A rat (D:2)
49 creatures vanquished.

Vanquished Creatures (collateral kills)
  A dart slug (D:2)
  A ball python (D:2)
  2 goblins (D:2)
  A kobold (D:2)
  A rat (D:1)
6 creatures vanquished.

Grand Total: 55 creatures vanquished

Table legend: (Time is in decaauts)
 A = Elapsed time spent in this place.
 B = Non-inter-level travel time spent in this place.
 C = Inter-level travel time spent in this place.
 D = Time resting spent in this place.
 E = Time spent auto-exploring this place.
 F = Levels seen in this place.
 G = Mean time per level.
                   A        B        C        D        E       F      G
               +--------+--------+--------+--------+--------+-----+--------+
         Total |   2695 |   2629 |     66 |    192 |   1831 |   3 |  898.3 |
       Dungeon |   2695 |   2629 |     66 |    192 |   1831 |   3 |  898.3 |
               +--------+--------+--------+--------+--------+-----+--------+

Top non-repeatable levels by time:
     D:2: 1518 daAuts
     D:1: 1149 daAuts
     D:3: 27 daAuts

Table legend:
 A = Non-vault XP
 B = Vault XP
 C = Vault XP percentage of total XP
 D = Non-vault monster count
 E = Vault monster count
 F = Vault count percentage of total count
                 A         B        C        D         E       F
            +---------+---------+-------+---------+---------+-------
      Total |     144 |      35 |  19.6 |      44 |      11 |  20.0
            +---------+---------+-------+---------+---------+-------
        D:1 |      24 |       0 |   0.0 |      17 |       0 |   0.0
        D:2 |     118 |      35 |  22.9 |      26 |      11 |  29.7
        D:3 |       2 |       0 |   0.0 |       1 |       0 |   0.0
            +---------+---------+-------+---------+---------+-------
